 Dungeon Crawl Stone Soup version 0.23.2-40-g277498a001 (webtiles) character file.

Game seed: 6501089358638843957

1816 titicartilos the Basher (level 8, -9/102 HPs)
             Began as a Minotaur Berserker on Aug 17, 2019.
             Was a Priest of Trog.
             Killed from afar by a frost giant (39 damage)
             ... with a bolt of cold
             ... on level 8 of the Dungeon.
             The game lasted 00:19:06 (6539 turns).

titicartilos the Basher (Minotaur Berserker)        Turns: 6539, Time: 00:19:06

Health: -9/102     AC:  4    Str: 29    XL:     8   Next: 85%
Magic:  7/7        EV: 12    Int:  4    God:    Trog [***...]
Gold:   192        SH:  2    Dex: 10    Spells: 7/7 levels left

rFire    . . .     SeeInvis +   s - +0 whip (elec)
rCold    . . .     Gourm    .   (no shield)
rNeg     + . .     Faith    .   a - +2 robe of Dytzush {rPois Slay+3}
rPois    +         Spirit   .   (helmet restricted)
rElec    .         Reflect  +   (no cloak)
rCorr    .         Harm     .   (no gloves)
MR       .....                  (no boots)
Stlth    ..........             t - +2 amulet of reflection
HPRegen  0.27/turn              v - ring of positive energy
MPRegen  0.10/turn              x - ring of see invisible

@: berserking (expiring), very quick
A: retaliatory headbutt, horns 2
a: Berserk, Trog's Hand, Renounce Religion


You were on level 8 of the Dungeon.
You worshipped Trog.
Trog was most pleased with you.
You were very hungry.

You visited 1 branch of the dungeon, and saw 8 of its levels.

You collected 402 gold pieces.
You spent 210 gold pieces at shops.

Inventory:

Hand Weapons
 s - a +0 whip of electrocution (weapon)
Armour
 a - the +2 robe of Dytzush (worn) {rPois Slay+3}
   (You found it on level 6 of the Dungeon)

   It affects your accuracy and damage with ranged weapons and melee attacks
   (+3).
   It protects you from poison.
Jewellery
 t - a +2 amulet of reflection (around neck)
 v - a ring of positive energy (left hand)
 x - a ring of see invisible (right hand)
Wands
 q - a wand of random effects (22)
Scrolls
 b - 6 scrolls of remove curse
 d - 2 scrolls of immolation
 e - 4 scrolls of amnesia {unknown}
 g - a scroll of enchant armour {unknown}
 j - a scroll of fog
 k - 2 scrolls of random uselessness {unknown}
 m - 10 scrolls of identify
 n - 3 scrolls of noise
 o - 3 scrolls of magic mapping {unknown}
 y - a scroll of teleportation {unknown}
Potions
 f - a potion of magic {unknown}
 h - a potion of flight {unknown}
 i - a potion of brilliance
 l - a potion of lignification {unknown}
 p - 5 potions of curing
 r - 2 potions of cancellation {unknown}
 u - a potion of haste {unknown}
 w - 2 potions of mutation
 A - a potion of experience {unknown}
Comestibles
 c - 5 rations


   Skills:
 * Level 5.2 Fighting
 * Level 13.1 Maces & Flails
 - Level 2.5 Armour
 - Level 2.3 Dodging


You had 7 spell levels left.
You didn't know any spells.
Your spell library was empty.

Dungeon Overview and Level Annotations

Branches:
Dungeon (8/15)             Temple (0/1) D:5
   Lair: D:8-11

Altars:
Dithmenos
Fedhas
Gozag
Kikubaaqudgha
Makhleb
Qazlal
Ru
Sif Muna
Xom
Yredelemnul

Shops:
D:7 =(

Annotations:
D:8 evildog's ghost, novice GrFi


Innate Abilities, Weirdness & Mutations

You reflexively headbutt those who attack you in melee.
You have a pair of horns on your head.


Message History

You open the gate.
The skeletal warrior hits you from afar with a +0 trident!
A red film seems to cover your vision as you go berserk!
You feel yourself moving faster!
You feel mighty!
You are feeling very hungry.
Evildog's ghost hits you!! The frost giant closely misses you.
The skeletal warrior hits you from afar with a +0 trident!!
You hit evildog's ghost but do no damage.
You headbutt evildog's ghost.
Evildog's ghost is lightly damaged.
Evildog's ghost barely misses you.
The frost giant hits you with a +2 battleaxe of freezing.
* * * LOW HITPOINT WARNING * * *
The frost giant freezes you.
* * * LOW HITPOINT WARNING * * *
The skeletal warrior barely misses you.
You feel a strong urge to attack something.
The frost giant casts a spell at you. The bolt of cold hits you!!!
You die...

...# #..#
...# ##.##
...# #..#
#### ##.##
# #..# #
##.# # #.#
#
#.#######
#
#@.##.8∩##
#
#..#a$...#
#
#OWC..$.8#
#..'z_8.∩#
##.'..$$8#
#.#$$$..#
#.##.8∩##
########


You could see a frost giant, a skeletal warrior, an ogre, a worker ant and
evildog's ghost.

Vanquished Creatures
  A wyvern (D:8)
  A hungry ghost (D:7)
  3 sky beasts
  2 ogres
  3 centaurs
  3 bullfrogs
  A gnoll sergeant (D:7)
  A crimson imp (D:5)
  A hound (D:4)
  3 orc priests (D:4)
  4 orc wizards
  A bullfrog skeleton (D:5)
  An iguana (D:5)
  A worker ant (D:5)
  A hound skeleton (D:4)
  6 gnolls
  9 adders
  2 adder skeletons (D:4)
  2 worms (D:2)
  2 dart slugs
  3 leopard geckos
  16 orcs
  A ball python (D:3)
  7 bats
  2 giant cockroaches
  5 goblins
  3 hobgoblins (D:1)
  5 jackals
  3 quokkas
  2 frilled lizards (D:3)
  5 kobolds
  2 leopard gecko skeletons (D:4)
  A quokka skeleton (D:6)
  8 rats
111 creatures vanquished.

Notes
Turn   | Place    | Note
-------+----------+-------------------------------------------
     0 | D:1      | titicartilos the Minotaur Berserker began the quest for the
                  | Orb.
     0 | D:1      | Reached XP level 1. HP: 19/19 MP: 0/0
   133 | D:1      | Reached XP level 2. HP: 20/27 MP: 1/1
   136 | D:1      | Reached skill level 4 in Maces & Flails
   718 | D:1      | Reached XP level 3. HP: 29/33 MP: 2/2
  1676 | D:2      | Reached skill level 5 in Maces & Flails
  1936 | D:3      | Reached XP level 4. HP: 38/40 MP: 3/3
  2180 | D:3      | Reached skill level 6 in Maces & Flails
  2204 | D:3      | Reached ** piety under Trog
  2470 | D:4      | Found a basalt altar of Yredelemnul.
  2501 | D:4      | Found a stormy altar of Qazlal.
  2501 | D:4      | Noticed an ogre
  2511 | D:4      | Killed an ogre
  2511 | D:4      | Reached skill level 7 in Maces & Flails
  2511 | D:4      | Reached XP level 5. HP: 27/46 MP: 4/4
  2895 | D:4      | Reached XP level 6. HP: 32/52 MP: 5/5
  2899 | D:4      | Reached skill level 8 in Maces & Flails
  3057 | D:4      | Found a burning altar of Makhleb.
  3094 | D:4      | Found a blossoming altar of Fedhas.
  3095 | D:4      | Found an ancient bone altar of Kikubaaqudgha.
  3106 | D:4      | Found a sacrificial altar of Ru.
  3106 | D:4      | Found a deep blue altar of Sif Muna.
  3244 | D:5      | Entered Level 5 of the Dungeon
  3301 | D:5      | Noticed a sky beast
  3305 | D:5      | Reached skill level 9 in Maces & Flails
  3314 | D:5      | Killed a sky beast
  3314 | D:5      | Reached XP level 7. HP: 58/58 MP: 6/6
  3376 | D:5      | Reached *** piety under Trog
  3471 | D:5      | Found a shadowy altar of Dithmenos.
  3551 | D:5      | Reached skill level 10 in Maces & Flails
  3721 | D:5      | Found a staircase to the Ecumenical Temple.
  4051 | D:6      | Found a shimmering altar of Xom.
  4092 | D:6      | Got a smoking robe
  4103 | D:6      | Identified the +2 robe of Dytzush {rPois Slay+3} (You found
                  | it on level 6 of the Dungeon)
  4834 | D:7      | Reached skill level 11 in Maces & Flails
  5035 | D:7      | Reached XP level 8. HP: 52/66 MP: 7/7
  5279 | D:7      | Found Cavvyfaf's Weapon Shoppe.
  5494 | D:7      | Reached skill level 12 in Maces & Flails
  5737 | D:7      | Found Nepnueq's Jewellery Emporium.
  5746 | D:7      | Bought an uncursed ring of see invisible for 210 gold
                  | pieces
  6163 | D:8      | Found a runed translucent gate.
  6164 | D:8      | Found a runed translucent gate.
  6165 | D:8      | Found a runed translucent gate.
  6166 | D:8      | Found an opulent altar of Gozag.
  6167 | D:8      | Noticed evildog's ghost (novice GrFi)
  6167 | D:8      | Noticed a frost giant
  6167 | D:8      | Noticed a skeletal warrior
  6219 | D:8      | Reached skill level 5 in Fighting
  6219 | D:8      | Reached skill level 13 in Maces & Flails
  6539 | D:8      | Killed from afar by a frost giant

Skill      XL: |  1  2  3  4  5  6  7  8 |
---------------+-------------------------+-----
Maces & Flails | 4 5 7 9 11 13 | 13.1
Fighting       | 5 |  5.2
Armour         | |  2.5
Dodging        | |  2.3

Action                   |  1- 3 |  4- 6 |  7- 9 || total
-------------------------+-------+-------+-------++-------
Melee: Mace              |    65 |    44 |       ||   109
       Headbutt          |    14 |    25 |    15 ||    54
       Whip              |       |    57 |    96 ||   153
Invok: Berserk           |     1 |     3 |     3 ||     7
  Use: Potion            |       |     2 |       ||     2
       Scroll            |       |       |     9 ||     9
 Stab: Sleeping          |     1 |       |       ||     1
  Eat: Chunk             |     4 |     2 |     4 ||    10
       Ration            |       |     2 |     2 ||     4
Armor: Animal skin       |     9 |    19 |     3 ||    31
       Robe              |       |       |    11 ||    11
Dodge: Dodged            |    38 |    70 |    35 ||   143
Block: Other             |       |       |     4 ||     4
       Reflection        |       |       |     1 ||     1
